 Dungeon Crawl Stone Soup version 0.29.0-5-ge4962eb29e (webtiles) character file.

Game seed: 16593710639228931411

15220 freelancePsychic the Grappler (level 11, -4/119 HPs)
             Began as a Troll Cinder Acolyte on Aug 29, 2022.
             Was an Elder of Ignis.
             Slain by a nine-headed hydra (5 damage)
             ... on level 1 of the Lair of Beasts.
             The game lasted 00:17:13 (9996 turns).

freelancePsychic the Grappler (TrCA)                Turns: 9996, Time: 00:17:14

Health: -4/119     AC:  8    Str: 24    XL:     11   Next: 99%
Magic:  11/11      EV:  8    Int: 10    God:    Ignis [****..]
Gold:   458        SH: 16    Dex:  9    Spells: 12/12 levels left

rFire   + . .      SeeInvis +     - Unarmed
rCold   + . .      Faith    .   D - +2 kite shield {rC+}
rNeg    . . .      Spirit   .   a - +0 robe
rPois   +          Reflect  +   E - +2 hat
rElec   .          Harm     .   F - +1 cloak
rCorr   .          Rampage  .   (gloves unavailable)
Will    .....                   (boots unavailable)
Stlth   +.........              g - amulet of reflection
HPRegen 1.09/turn               x - ring of poison resistance
MPRegen 0.12/turn               u - ring of see invisible

@: mighty
A: large, unfitting armour, claws 3, regeneration 1, shaggy fur 1, tough skin 1
a: Renounce Religion, Fiery Armour, Foxfire Swarm, Rising Flame


You were on level 1 of the Lair of Beasts.
You worshipped Ignis.
Ignis was greatly pleased with you.
You visited 2 branches of the dungeon, and saw 12 of its levels.

You collected 794 gold pieces.
You spent 336 gold pieces at shops.

Inventory:

Missiles
 z - 4 boomerangs (quivered)
 B - 69 stones
 L - a throwing net
Armour
 a - a +0 robe (worn)
 D - a +2 kite shield of cold resistance (worn)
 E - a +2 hat (worn)
 F - a +1 cloak (worn)
Jewellery
 g - an amulet of reflection (around neck)
 m - a ring of protection from fire
 u - a ring of see invisible (right claw)
 x - a ring of poison resistance (left claw)
 H - a ring of ice
 K - a +4 ring of evasion
Wands
 j - a wand of roots (4)
 C - a wand of flame (27)
Scrolls
 e - 2 scrolls of torment {unknown}
 i - 2 scrolls of enchant armour
 l - a scroll of magic mapping
 n - a scroll of butterflies
 p - a scroll of silence {unknown}
 s - 3 scrolls of teleportation {unknown}
 v - a scroll of brand weapon {unknown}
 y - 2 scrolls of poison
 A - a scroll of immolation {unknown}
 I - a scroll of identify {@r1}
 J - a scroll of fear {unknown}
Potions
 c - 2 potions of attraction {unknown}
 d - 10 potions of curing {@q1}
 f - 2 potions of ambrosia
 h - 3 potions of might
 k - 4 potions of heal wounds {@q2}
 o - a potion of magic
 q - a potion of flight
 r - 2 potions of berserk rage
 t - 2 potions of cancellation
 w - 3 potions of mutation
 G - a potion of brilliance {unknown}


   Skills:
 * Level 10.8 Fighting
 + Level 6.4 Throwing
 * Level 7.0 Shields
 + Level 11.5 Unarmed Combat
 - Level 1.0 Spellcasting
 - Level 2.1 Fire Magic


You had 12 spell levels left.
You didn't know any spells.
Your spell library contained the following spells:

 Spells                   Type           Power      Damage    Failure   Level
 Scorch                   Fire           8%         2d5       41%         2
 Apportation              Tloc           0%         N/A       56%         1
 Beastly Appendage        Tmut           0%         N/A       56%         1
 Freeze                   Ice            0%         1d3       56%         1
 Necrotise                Necr           0%         1d4       56%         1
 Summon Small Mammal      Summ           0%         N/A       56%         1
 Wereblood                Tmut           0%         N/A       71%         2
 Frozen Ramparts          Ice            0%         1d1       91%         3
 Spider Form              Tmut/Pois      0%         N/A       91%         3
 Tukima's Dance           Hex            0%         N/A       91%         3
 Dispel Undead            Necr           0%         3d6       100%        4
 Hailstorm                Conj/Ice       0%         3d3       100%        4
 Metabolic Englaciation   Hex/Ice        0%         N/A       100%        5
 Haunt                    Necr/Summ      0%         N/A       100%        7


Dungeon Overview and Level Annotations

Branches:
Dungeon (11/15)            Temple (0/1) D:6            Lair (1/5) D:11
    Orc (0/2) D:9

Altars:
Dithmenos
Elyvilon
Fedhas
Nemelex Xobeh
Qazlal
Trog
Wu Jian
Xom

Shops:
D:9 *

Annotations:
D:4 1 runed translucent door, Werew's ghost, amateur HOFi
D:9 3 runed translucent doors, Esekla's ghost, novice FoWn
D:11 6 transporters


Innate Abilities, Weirdness & Mutations

You are too large for most types of armour.
You have claws for hands.
Your natural rate of healing is unusually fast.
You are covered in fur. (AC +1)
You have tough skin. (AC +1)


Message History

The boomerang hits the eight-headed hydra!!
The eight-headed hydra is severely wounded.
Throw: 4 boomerangs
Press: ? - help, Q - select action, (/) - cycle Shift-Dir - straight line, f/p - eight-headed hydra
Aim: an eight-headed hydra (severely wounded, 81% to hit)
You throw a boomerang.
The boomerang hits the eight-headed hydra!
The eight-headed hydra is almost dead.
Throw: 4 boomerangs
Press: ? - help, Q - select action, (/) - cycle Shift-Dir - straight line, f/p - eight-headed hydra
Aim: an eight-headed hydra (severely wounded, 81% to hit)
You throw a boomerang.
The boomerang hits the eight-headed hydra but does no damage.
The eight-headed hydra is severely wounded.
You block the wolf's attack.
You rip one of the eight-headed hydra's heads off!
The seven-headed hydra grows two more!
You mangle the nine-headed hydra!!
The nine-headed hydra is almost dead.
The wolf bites you. The nine-headed hydra bites you!
You block the nine-headed hydra's attack. x3
The nine-headed hydra closely misses you.
The nine-headed hydra bites you!
* * * LOW HITPOINT WARNING * * *
The nine-headed hydra bites you but does no damage.
The nine-headed hydra bites you!
* * * LOW HITPOINT WARNING * * *
You block the nine-headed hydra's attack.
You barely miss the nine-headed hydra.
The nine-headed hydra is almost dead.
You block the wolf's attack.
You block the nine-headed hydra's attack.
The nine-headed hydra barely misses you.
You block the nine-headed hydra's attack. x2
The nine-headed hydra bites you!
* * * LOW HITPOINT WARNING * * *
The nine-headed hydra bites you!
* * * LOW HITPOINT WARNING * * *
You block the nine-headed hydra's attack.
The nine-headed hydra bites you.
You die...

## ### ### #############
.###P#########.###.P#.##..##P#
.............................##
.#P...##.##.##................#
.##...#......#...............##
..#..........#......##...##...#
.#..............@D..#.....#..##
.##..........#...h..#.....+..##
.##..........+....l.#........P#
..#...#......#............P..##
.##...#......#............#..P#
.##..............#.###+#†##..##
......####+###..#....†hhh....#
~..... ..#.....†F.l....# ~.....
......#.......#


You could see a nine-headed hydra, a komodo dragon and a wolf.

Vanquished Creatures
  2 two-headed ogres
  An orc knight (D:11)
  2 manticores (D:11)
  An ugly thing (D:9)
  Maurice (D:9)
  2 black mambas (Lair:1)
  A gargoyle (D:10)
  2 cane toads (Lair:1)
  An unseen horror (D:11)
  7 yaktaurs (D:11)
  2 komodo dragons
  2 trolls
  A hornet (D:9)
  Sigmund (D:3)
  2 yaks (D:11)
  2 wyverns
  Eustachio (D:3)
  2 wraiths (D:10)
  4 steam dragons
  Edmund (D:4)
  An acid dragon (D:11)
  5 water moccasins
  Duvessa (D:4)
  A swamp drake (D:9)
  A sky beast (D:7)
  5 orc warriors
  4 black bears
  An ogre (D:4)
  8 wolves
  2 centaurs
  4 kobold brigands
  4 necrophages
  2 gnoll sergeants
  4 bullfrogs
  2 scorpions
  A wight (D:8)
  Dowan (D:4)
  3 killer bees (D:9)
  3 electric eels (D:11)
  3 howler monkeys
  A gnoll bouda (D:7)
  8 hounds
  3 jellies
  9 orc priests
  3 iguanas
  11 orc wizards
  24 gnolls
  12 adders
  A shadow imp (D:7)
  6 worms
  2 dart slugs
  59 orcs
  2 ball pythons
  4 bats
  7 endoplasms
  2 giant cockroaches (D:4)
  5 goblins
  4 hobgoblins
  6 jackals
  3 quokkas
  3 frilled lizards
  22 kobolds
  4 rats
295 creatures vanquished.

Vanquished Creatures (others)
  2 orc wizards
  17 fungi (D:7)
19 creatures vanquished.

Grand Total: 314 creatures vanquished

Notes
Turn   | Place    | Note
-------+----------+-------------------------------------------
     0 | D:1      | freelancePsychic the Troll Cinder Acolyte began the quest
                  | for the Orb.
     0 | D:1      | Reached XP level 1. HP: 22/22 MP: 1/1
    66 | D:1      | Got the Parchment of Hindering Exhumation
   279 | D:1      | Reached XP level 2. HP: 29/29 MP: 2/2
   472 | D:1      | Found a faded altar of an unknown god.
   659 | D:2      | Reached XP level 3. HP: 37/37 MP: 3/3
  1007 | D:2      | Reached skill level 4 in Unarmed Combat
  1115 | D:2      | Identified the +0 pair of gloves of Astereu {SInv}
  1326 | D:3      | Reached XP level 4. HP: 41/45 MP: 4/4
  1633 | D:3      | Noticed Sigmund
  1644 | D:3      | Killed Sigmund
  1645 | D:3      | Reached skill level 5 in Unarmed Combat
  1645 | D:3      | Reached XP level 5. HP: 54/54 MP: 5/5
  1645 | D:3      | Reached XP level 6. HP: 62/62 MP: 6/6
  1779 | D:3      | Found a blossoming altar of Fedhas.
  1779 | D:3      | Found a shimmering altar of Xom.
  2060 | D:4      | Noticed Eustachio
  2081 | D:3      | Killed Eustachio
  2110 | D:4      | Reached skill level 5 in Fighting
  2110 | D:4      | Reached skill level 6 in Unarmed Combat
  2110 | D:4      | Reached XP level 7. HP: 67/72 MP: 7/7
  2119 | D:4      | Found a bloodstained altar of Trog.
  2135 | D:4      | Noticed Edmund
  2149 | D:4      | Killed Edmund
  2230 | D:4      | Noticed Duvessa
  2241 | D:4      | Killed Duvessa
  2275 | D:4      | Noticed Dowan
  2286 | D:4      | Killed Dowan
  2287 | D:4      | Reached skill level 7 in Unarmed Combat
  2416 | D:4      | Found a runed translucent door.
  2506 | D:4      | Reached XP level 8. HP: 83/83 MP: 8/8
  2597 | D:4      | Noticed Werew's ghost (amateur HOFi)
  2608 | D:5      | Entered Level 5 of the Dungeon
  2888 | D:5      | Reached skill level 8 in Unarmed Combat
  2972 | D:5      | Found an ornate altar of the Wu Jian Council.
  3535 | D:6      | Found a staircase to the Ecumenical Temple.
  3610 | D:6      | Reached XP level 9. HP: 77/93 MP: 9/9
  3871 | D:6      | Reached skill level 9 in Unarmed Combat
  4508 | D:7      | Reached skill level 1 in Throwing
  6348 | D:8      | Noticed a two-headed ogre
  6384 | D:8      | Killed a two-headed ogre
  6385 | D:8      | Reached skill level 10 in Unarmed Combat
  6385 | D:8      | Reached XP level 10. HP: 106/106 MP: 10/10
  6553 | D:9      | Found a runed translucent gate.
  6554 | D:9      | Found a runed translucent gate.
  6554 | D:9      | Found a runed translucent gate.
  6563 | D:9      | Noticed Maurice
  6602 | D:9      | Killed Maurice
  6603 | D:9      | Reached skill level 1 in Shields
  6783 | D:9      | Found a sparkling altar of Nemelex Xobeh.
  6886 | D:9      | Found Xaleas's Serpentskin Sales.
  6904 | D:9      | Bought a scroll of poison for 56 gold pieces
  6983 | D:9      | Found a white marble altar of Elyvilon.
  7021 | D:9      | Found a stormy altar of Qazlal.
  7175 | D:9      | Found a staircase to the Orcish Mines.
  7405 | D:9      | Noticed a green ugly thing
  7417 | D:9      | Killed a green ugly thing
  7493 | D:9      | Noticed Esekla's ghost (novice FoWn)
  7506 | D:9      | Bought a ring of poison resistance for 280 gold pieces
  7516 | D:10     | Entered Level 10 of the Dungeon
  7566 | D:10     | Noticed a two-headed ogre
  7703 | D:10     | Killed a two-headed ogre
  7704 | D:10     | Reached skill level 5 in Throwing
  8162 | D:10     | Found a shadowy altar of Dithmenos.
  8185 | D:10     | Noticed a gargoyle
  8200 | D:10     | Reached XP level 11. HP: 91/117 MP: 11/11
  8478 | D:11     | Found a transporter.
  8480 | D:11     | Found a transporter.
  8510 | D:11     | Noticed an orc knight
  8515 | D:11     | Killed an orc knight
  8524 | D:11     | Reached skill level 11 in Unarmed Combat
  8534 | D:11     | Reached skill level 5 in Shields
  8622 | D:11     | Found a transporter.
  8629 | D:11     | Found a transporter.
  8692 | D:11     | Found a transporter.
  8700 | D:11     | Found a transporter.
  8845 | D:11     | Reached skill level 10 in Fighting
  9545 | D:11     | Found a staircase to the Lair.
  9761 | Lair:1   | Entered Level 1 of the Lair of Beasts
  9969 | Lair:1   | Noticed an eight-headed hydra
  9996 | Lair:1   | HP: 1/119 [nine-headed hydra (8)]
  9996 | Lair:1   | Slain by a nine-headed hydra

Illustrated notes

Levels and vault maps discovered:
D:1:      tarquinn_simple_flora_water_a, layout_loops_ring,
          shapermc_ecumenical_altar_pompeii, minmay_misc_feat_iff
D:2:      layout_loops_ring
D:3:      layout_basic, nicolae_overflow_two_pavilions, uniq_sigmund
D:4:      layout_cave_pools, trog_ov_bears_minmay,
          ebering_ghost_reflecting_pool, uniq_duvessa, uniq_eustachio,
          uniq_edmund
D:5:      layout_rooms, nicolae_wu_jian_glorious_leap, dk_noncrumbling_3
D:6:      layout_loops_ring, minmay_temple_entry_statues_fountains,
          minmay_misc_feat_doors, roderic_lattice_a
D:7:      kennysheep_steamy, layout_layer_cave
D:8:      layout_loops_ring, kennysheep_generic_room_8
D:9:      layout_basic, nicolae_qazlal_scattered_showers,
          mainiacjoe_overflow_catwalk, elyvilon_altar_3, erik_orc_1,
          gammafunk_ghost_spectres, guppyfry_shop_venom, uniq_maurice
D:10:     layout_basic, mainiacjoe_overflow_chevrons,
          chequers_serial_rivers_large_b, st_stairs_10
D:11:     fort_yaktaur, layout_gridville, erik_lair_island, special_room
          [special_room_orc], serial_nicolae_subway, nicolae_sub_station_metal,
          nicolae_sub_station_stone, nicolae_sub_station_crystal
Lair:1:   layout_regular_city, infiniplex_staircase_pool_2, grunt_megastairs_3

Skill      XL: |  1  2  3  4  5  6  7  8  9 10 11 |
---------------+----------------------------------+-----
Fighting       | 3 4 5 6 7 8 9 10 | 10.8
Unarmed Combat | 4 5 6 7 8 10 11 | 11.5
Throwing       | 3 5 6 |  6.4
Shields        | 4 7 |  7.0
Spellcasting   | |  1.0
Fire Magic     | |  2.1

Action                   |  1- 3 |  4- 6 |  7- 9 | 10-12 || total
-------------------------+-------+-------+-------+-------++-------
Melee: Unarmed           |    98 |    50 |   312 |   391 ||   851
       Punch             |       |     1 |    10 |       ||    11
Throw: Boomerang         |       |       |     1 |    47 ||    48
       Stone             |       |       |       |     4 ||     4
Invok: Fiery Armour      |       |     2 |       |     2 ||     4
Evoke: Wand              |       |       |     8 |     8 ||    16
  Use: Scroll            |       |       |    11 |     8 ||    19
       Potion            |       |       |       |     2 ||     2
Armor: Robe              |    18 |    15 |    51 |    85 ||   169
Dodge: Dodged            |    55 |    16 |   105 |   111 ||   287
Block: Other             |     4 |     8 |    60 |       ||    72
       Kite shield       |       |       |       |   329 ||   329
       Reflection        |       |       |       |    19 ||    19
